Plume, neutral female human Valkyrie ---- ----- |..-----%..| |..........| |.-------..| |.|>.......| |.|......%.-- |.|.`).....@| |<|------%._| --- ----- Plume the Fighter Experience level: 8 Strength: 16 Dexterity: 15 Constitution: 18 Intelligence: 12 Wisdom: 10 Charisma: 9 Health: 68(82) Energy: 24(24) Def: 13 Gold: 1809 Moves: 3754 Dungeon seed: lYLB1d7VjTMzE0Zw Game ID: Plume_1529866122 Your Inventory: Coins $ - 1809 gold pieces Weapons a - a blessed +2 war hammer (weapon in hand) x - 8 +0 daggers J - 3 blessed +8 daggers named Dagger of Justice (in quiver) V - a +0 long sword Armor e - a blessed +3 small shield (being worn) n - an uncursed +0 pair of speed boots (being worn) q - a blessed +2 elven cloak (being worn) Y - an uncursed +3 dwarvish iron helm (being worn) Comestibles b - an uncursed tripe ration f - an uncursed food ration g - an uncursed cram ration j - an uncursed egg K - an uncursed sprig of wolfsbane Scrolls h - 2 uncursed scrolls of earth I - an uncursed scroll of scare monster L - an uncursed scroll of identify Potions O - an uncursed potion of sickness Q - a blessed potion of full healing T - a cursed potion of hallucination U - 2 uncursed potions of hallucination X - a cursed potion of booze Z - a blessed potion of polymorph Rings c - an uncursed ring of slow digestion P - an uncursed ring of free action Wands d - a wand of magic missile (0:4) M - a wand of enlightenment (0:11) W - a wand of sleep (0:4) Tools i - an uncursed sack l - a cursed oil lamp (0:1046) o - an uncursed lock pick Gems r - 3 uncursed worthless pieces of black glass y - 2 uncursed worthless pieces of white glass Spells and supernatural/magical abilities: Name Level Category Fail Memory h - healing 1 healing 67% 94% W - pray for help -- divine ? -- Your skills at the end: Miscellaneous Skills shield [Basic] wands [Basic] stealth [Basic] Weapon Skills dagger [Basic] hammer [Expert] Spellcasting Skills Final Attributes: You were devoutly aligned. You were cold resistant. You were poison resistant. Your writing hand was ok. You were telepathic. You were very stealthy. You could fly. You were very fast. You survived. Vanquished creatures: a ghost a large mimic 6 small mimics a dwarf king a winter wolf cub a quivering blob a lizard 3 gnome kings a dog a blue jelly a raven a plains centaur a gnome mummy 2 rope golems a soldier ant a yellow light a bugbear an orc shaman a rock mole a rock piercer a pony 6 gnome lords 3 gnomish wizards a red naga hatchling a guardian naga hatchling a floating eye a kitten 7 dwarves 2 homunculi a kobold shaman 2 iguanas 3 hill orcs 3 rothes 2 rabid rats 3 giant bats an orc zombie 2 dwarf zombies a wererat 3 coyotes 2 hobbits an acid blob a gecko 2 hobgoblins a giant rat a green mold 22 gnomes 2 jackals 2 foxes 4 kobolds 2 newts 6 goblins 12 grid bugs 2 lichens 2 kobold zombies 134 creatures vanquished. Voluntary challenges: You were not invisible. You did not have reflection. You were not displaced. You had been an atheist until turn 2419. You used a wielded weapon 207 times, starting on turn 4. You did not apply a unicorn horn. You did not use plumbed fixtures. You did not drink any magical draughts. You read items or engraved 4 times, starting on turn 2369. You never genocided any monsters. You never polymorphed an object. You never changed form. You used no wishes. You never split a pudding. You wrote Elbereth's name 1 time, starting on turn 2369. You never violated your personal moral code. Dungeon overview: The Dungeons of Doom: levels 1 to 8 Level 1 a fountain a long staircase Level 2 a potion shop Level 3 stairs to The Gnomish Mines Level 4 a fountain Level 5 Level 6 many fountains Level 7 a general store stairs to Sokoban Level 8 The Gnomish Mines: levels 4 to 7 Level 4 stairs to The Dungeons of Doom Level 5 Level 6 Level 7 some shops, a temple to Loki, a magic chest, some fountains Sokoban: levels 5 to 6 Level 5 Level 6 <- You were here an altar to Moloch, a magic chest stairs to The Dungeons of Doom History has recorded: On T:1 you entered the Dungeons of Doom to retrieve the Amulet of Yendor! On T:49 you reached level 2 of The Dungeons of Doom. On T:255 you reached level 3 of The Dungeons of Doom. On T:256 you advanced to experience level 2. On T:319 you advanced to experience level 3. On T:664 you advanced to experience level 4. On T:737 you reached level 1 of The Gnomish Mines. On T:820 you reached level 4 of The Dungeons of Doom. On T:949 you advanced to experience level 5. On T:1176 you reached level 2 of The Gnomish Mines. On T:1293 you advanced to experience level 6. On T:1504 you reached level 3 of The Gnomish Mines. On T:1829 you reached level 4 of The Gnomish Mines. On T:2233 you advanced to experience level 7. On T:2417 you entered the Minetown temple On T:2429 you opened a magic chest. On T:2675 you prayed to Odin. On T:2806 you reached level 5 of The Dungeons of Doom. On T:3043 you reached level 6 of The Dungeons of Doom. On T:3427 you reached level 7 of The Dungeons of Doom. On T:3456 you advanced to experience level 8. On T:3482 you reached level 8 of The Dungeons of Doom. On T:3524 you reached level 4 of Sokoban. On T:3741 you reached level 3 of Sokoban. Score breakdown: Gold: 1809 ( 180 points) Experience: 8 levels ( 700 points) Exploration: 8 levels ( 210 points) Discoveries: 28 items ( 1400 points) Variety of kills: 54 monsters ( 2000 points) Major goal: reached Minetown ( 500 points) Survival: quit (score multiplied by 3) Total score: 14970 Latest messages: You see here a red naga hatchling corpse. You carefully open the magic chest... k - a cursed scroll called altar?300. As you read the scroll, it disappears. The floor beneath your feet rises. You feel a surge of the power of Moloch. You carefully open the magic chest... You are currently wearing your dwarvish iron helm! Never mind. The sack is empty. The sack is empty. Final status: Farvel Plume the Valkyrie, quit... You quit in Sokoban on dungeon level 6 with 14970 points, and 1809 pieces of gold, after 3754 moves. You were level 8 with a maximum of 82 hit points when you quit.